 Dungeon Crawl Stone Soup version 0.31.0-11-ge490571c62 (webtiles) character file.

Game seed: 11130983992876887304

52 Esekla the Grasshopper (level 3, -3/18 HPs)
             Began as a Vine Stalker Warper on Jan 31, 2024.
             Was an Initiate of Vehumet.
             Killed by divine providence
             ... invoked by an orc priest
              (9 damage)
             ... on level 4 of the Dungeon.
             The game lasted 00:04:57 (495 turns).

Esekla the Grasshopper (Vine Stalker Warper)         Turns: 495, Time: 00:04:58

Health: -3/18      AC:  3    Str: 13    XL:     3   Next: 85%
Magic:  0/8        EV: 12    Int: 15    God:    Vehumet [......]
Gold:   42         SH:  0    Dex: 13    Spells: 5/7 levels left

rFire   . . .        a - +0 falchion
rCold   . . .        (no shield)
rNeg    . . .        f - +0 robe
rPois   .            (no helmet)
rElec   .            h - +0 cloak
rCorr   .            (no gloves)
SInv    .            (no boots)
Will    .....        (no amulet)
Stlth   +            (no ring)
HPRegen 1.03/turn    (no ring)
MPRegen 0.11/turn

%: guardian spirit
@: no status effects
A: fangs 2, regeneration 1, magic shield, antimagic bite, no potion heal 2
a: Renounce Religion


You were on level 4 of the Dungeon.
You worshipped Vehumet.
Vehumet was noncommittal.
You visited 2 branches of the dungeon, and saw 5 of its levels.

You collected 42 gold pieces.

Inventory:

Hand Weapons
 a - a +0 falchion (weapon)
 n - a +0 dagger
Missiles
 d - 7 darts of dispersal (quivered)
Armour
 f - a +0 robe (worn)
 h - a +0 cloak (worn)
Scrolls
 b - a scroll of enchant armour {unknown}
 c - a scroll of blinking
 e - a scroll of fog {unknown}
 g - a scroll of identify {unknown}
 j - a scroll of teleportation {unknown}
 k - a scroll of revelation {unknown}
Potions
 i - a potion of mutation {unknown}
 l - a potion of attraction {unknown}
 m - a potion of curing {unknown}


   Skills:
 * Level 2.2 Fighting
 + Level 2.3 Long Blades
 + Level 0.8 Throwing
 - Level 0.7 Armour
 + Level 1.9 Dodging
 + Level 0.2 Stealth
 * Level 2.7 Spellcasting
 + Level 3.3 Translocations


You had 5 spell levels left.
You knew the following spells:

 Your Spells              Type           Power      Damage    Failure   Level
b - Blink                 Tloc           24%        N/A       8%          2

Your spell library contained the following spells:

 Spells                   Type           Power      Damage    Failure   Level
 Lesser Beckoning         Tloc           24%        N/A       8%          2
 Teleport Other           Tloc           12%        N/A       16%         3
 Manifold Assault         Tloc           12%        N/A       45%         4
 Vhi's Electric Charge    Tloc/Air       14%        N/A       71%         4


Dungeon Overview and Level Annotations

Branches:
Dungeon (4/15)             Temple (1/1) D:4

Altars:
Ashenzari
Dithmenos
Elyvilon
Fedhas
Gozag
Hepliaklqana
Kikubaaqudgha
Makhleb
Okawaru
Ru
Uskayaw
Vehumet
Wu Jian
Xom
Zin
The Shining One


Innate Abilities, Weirdness & Mutations

You have extremely sharp teeth.
Your natural rate of healing is unusually fast.
When hurt, damage is shared between your health and your magic reserves.
Your bite disrupts and absorbs the magic of your enemies.
Potions cannot restore your health.


Message History

You barely miss the orc. You bite the orc, but do no damage.
The orc is moderately wounded.
The orc barely misses you.
You hit the orc but do no damage.
The orc is moderately wounded.
The orc hits you but does no damage. The orc barely misses you.
You hit the orc.
The orc is severely wounded.
The orc hits you with a +0 whip.
You hit the orc. You bite the orc.
You kill the orc!
Vehumet accepts your kill.
You closely miss the orc. You bite the orc. You drain its power.
You feel invigorated.
The orc is moderately wounded.
The orc completely misses you.
The orc priest invokes the aid of Beogh against you.
Beogh smites you!
Ouch! That really hurt!
You hit the orc. You bite the orc, but do no damage.
The orc is heavily wounded.
The orc closely misses you.
You hit the orc.
You kill the orc!
Vehumet accepts your kill.
You closely miss the orc priest. Your bite misses the orc priest.
The orc priest barely misses you.
You hit the orc priest.
The orc priest is lightly wounded.
The orc priest hits you with a +0 whip. x2
You hit the orc priest.
The orc priest is lightly wounded.
The orc priest hits you with a +0 whip.
* * * LOW HITPOINT WARNING * * *
You hit the orc priest but do no damage.
The orc priest is lightly wounded.
The orc priest invokes the aid of Beogh against you.
Beogh smites you!
Ouch! That really hurt!
You die...

..#### ### ... #g# ##
#.# ########.# .# #.#
#..o@....# .# #o#
#.######## o## #.#
#.# ..###.# #o#
...##.## #o#
.......######.#####.
...##.ooo............
..###.############..#
.## #.#


You could see an orc priest.

Vanquished Creatures
  An orc wizard (D:4)
  An adder (D:3)
  A dart slug (D:3)
  2 orcs (D:4)
  2 ball pythons (D:2)
  2 endoplasms (D:1)
  2 hobgoblins (D:1)
  A kobold (D:1)
  A bat (D:1)
  A goblin (D:4)
  2 rats (D:1)
16 creatures vanquished.

Notes
Turn   | Place    | Note
-------+----------+-------------------------------------------
     0 | D:1      | Esekla the Vine Stalker Warper began the quest for the Orb.
     0 | D:1      | Reached XP level 1. HP: 11/11 MP: 4/4
   134 | D:1      | Reached XP level 2. HP: 15/15 MP: 4/6
   157 | D:1      | Learned a level 2 spell: Blink
   267 | D:2      | Found a faded altar of an unknown god.
   379 | D:4      | Reached XP level 3. HP: 17/18 MP: 7/7
   399 | D:4      | Found a staircase to the Ecumenical Temple.
   405 | Temple   | Entered the Ecumenical Temple
   409 | Temple   | Became a worshipper of Vehumet
   495 | D:4      | Killed from afar by an orc priest

Illustrated notes

Levels and vault maps discovered:
D:1:      lightli_arrival_isolated_outpost, layout_basic, nicolae_titane
D:2:      minmay_diamond_boxcup, layout_basic,
          hellmonk_ecumenical_altar_pennies_from_heaven, basic_altar,
          serial_shops, nicolae_lakefront_shop, reono_crystal_passage
D:3:      layout_loops_ring, tgw_trog, uniq_crazy_yiuf_cottage, uniq_jessica
D:4:      layout_loops_ring, chei_slow_surprise, temple_doors_cd,
          hangedman_decor_slide_cut
Temple:   nicolae_temple_x_marks_the_god

Skill      XL: |  1  2 |
---------------+-------+-----
Long Blades    | 2 |  2.3
Fighting       | 2 |  2.2
Throwing       | |  0.8
Armour         | |  0.7
Dodging        | |  1.9
Stealth        | |  0.2
Spellcasting   | |  2.7
Translocations | |  3.3

Action                     || total
---------------------------++-------
  Melee: Falchion          ||    77
         Bite              ||    22
         Punch             ||     1
 Armour: Robe              ||    44
         Leather armour    ||     2
  Dodge: Dodged            ||    46
